 Dungeon Crawl Stone Soup version 0.25.1-2-g60ff931df9 (webtiles) character file.

Game seed: 7400198992681545478

8 Peloso the Skirmisher (level 2, 27/27 HPs)
             Began as a Minotaur Fighter on Aug 21, 2020.
             Got out of the dungeon alive.
             The game lasted 00:01:03 (253 turns).

Peloso the Skirmisher (Minotaur Fighter)             Turns: 253, Time: 00:01:03

Health: 27/27      AC:  7    Str: 20    XL:     2   Next: 0%
Magic:  1/1        EV:  7    Int:  5    God:
Gold:   17         SH:  9    Dex:  9    Spells: 1/1 levels left

rFire    . . .     SeeInvis .   a - +0 long sword
rCold    + . .     Gourm    .   c - +0 kite shield
rNeg     . . .     Faith    .   b - +0 scale mail
rPois    .         Spirit   .   (helmet restricted)
rElec    .         Reflect  .   (no cloak)
rCorr    .         Harm     .   (no gloves)
MR       +....     Rnd*Rage +   (no boots)
Stlth    ..........             (no amulet)
HPRegen  0.09/turn              (no ring)
MPRegen  0.07/turn              (no ring)

@: no status effects
A: retaliatory headbutt, hooves 1, horns 2, berserk 1, cold resistance 1, magic
resistance 1
a: no special abilities


You escaped.
You were not hungry.

You visited 1 branch of the dungeon, and saw 1 of its levels.

You collected 17 gold pieces.

Inventory:

Hand Weapons
 a - a +0 long sword (weapon)
Armour
 b - a +0 scale mail (worn)
 c - a +0 kite shield (worn)
Scrolls
 i - a scroll of fog {unknown}
 j - a scroll of amnesia {unknown}
 l - a scroll of teleportation {unknown}
Potions
 d - 3 potions of might
 h - a potion of resistance {unknown}
 k - 2 potions of lignification {unknown}
Comestibles
 f - a ration
 g - 3 chunks of flesh


   Skills:
 + Level 3.9 Fighting
 + Level 2.4 Long Blades
 + Level 3.8 Armour
 + Level 3.9 Shields


You had one spell level left.
You didn't know any spells.
Your spell library was empty.

Dungeon Overview and Level Annotations

Branches:
Dungeon (1/15)

Altars:


Innate Abilities, Weirdness & Mutations

You reflexively headbutt those who attack you in melee.
You have a pair of horns on your head.
You have large cloven feet.
You tend to lose your temper in combat.
Your flesh is cold resistant. (rC+)
You are resistant to hostile enchantments. (MR+)


Message History

You hit the rat.
You kill the rat!
You have reached level 2!
It was a potion of mutation.
You feel extremely strange.
Your vision blurs.
Fur sprouts all over your body.
You feel robust.
Really quaff the potion of mutation?
You feel extremely strange.
Your vision sharpens.
You shed all your fur.
You feel frail.
Your feet thicken and deform.
You feel resistant to hostile enchantments.
You feel a little pissed off.
You feel resistant to cold.
(D) Dungeon
Where to? (? - help)
What level of the Dungeon? (default 1, ? - help)
There is a stone staircase leading down here.
There is an escape hatch in the floor here.
Some of the chunks of flesh in your inventory have rotted away.
There is a staircase leading out of the dungeon here.
Are you sure you want to leave the Dungeon?
This will make you lose the game!
You have escaped!

# # ### ## #.# .#
#.# .# #.# .# #.#
.## ### #.#
..###8#####.######
.....>..........@#
.####8#####.######
.# ### #.# .# #.#
.# #.# .> #.# .
#.# #.# ### .#.#


There were no monsters in sight!

Vanquished Creatures
  A leopard gecko (D:1)
  A giant cockroach (D:1)
  2 goblins (D:1)
  3 rats (D:1)
7 creatures vanquished.

Notes
Turn   | Place    | Note
-------+----------+-------------------------------------------
     0 | D:1      | Peloso the Minotaur Fighter began the quest for the Orb.
     0 | D:1      | Reached XP level 1. HP: 19/19 MP: 0/0
   179 | D:1      | Reached XP level 2. HP: 27/27 MP: 1/1
   180 | D:1      | Gained mutation: Scrolls take you a little longer to read.
                  | [potion of mutation]
   180 | D:1      | Gained mutation: You are covered in fur. (AC +1) [potion of
                  | mutation]
   180 | D:1      | Gained mutation: You are robust. (+10% HP) [potion of
                  | mutation]
   181 | D:1      | Lost mutation: Scrolls take you a little longer to read.
                  | [potion of mutation]
   181 | D:1      | Lost mutation: You are covered in fur. (AC +1) [potion of
                  | mutation]
   181 | D:1      | Lost mutation: You are robust. (+10% HP) [potion of
                  | mutation]
   181 | D:1      | Gained mutation: You have large cloven feet. [potion of
                  | mutation]
   181 | D:1      | Gained mutation: You are resistant to hostile enchantments.
                  | (MR+) [potion of mutation]
   181 | D:1      | Gained mutation: You tend to lose your temper in combat.
                  | [potion of mutation]
   181 | D:1      | Gained mutation: Your flesh is cold resistant. (rC+)
                  | [potion of mutation]
   253 | D:$      | Got out of the dungeon alive.

Illustrated notes

Levels and vault maps discovered:
D:1:      lemuel_arrival_cross, layout_loops_ring, minmay_pentomino_u4

Action                   || total
-------------------------++-------
Melee: Long sword        ||     9
       Headbutt          ||     2
  Use: Potion            ||     2
Armor: Scale mail        ||     2
Dodge: Dodged            ||     4
Block: Kite shield       ||     3
       Rpst.: Long sword ||     2
